 Dungeon Crawl Stone Soup version 0.18.1-47-g9310371 (webtiles) character file.

8071 GordonOverkill the Grappler (level 11, -7/99 HPs)
             Began as a Ghoul Monk on June 21, 2016.
             Was an Elder of Ashenzari.
             Mangled by a freezing wraith (9 damage)
             ... on level 1 of the Lair of Beasts.
             The game lasted 00:40:24 (10856 turns).

GordonOverkill the Grappler (Ghoul Monk)           Turns: 10856, Time: 00:40:25

Health: -7/99      AC: 13    Str: 16    XL:     11   Next: 25%
Magic:  0/10       EV:  6    Int:  5    God:    Ashenzari [****..]
Gold:   616        SH:  0    Dex: 14    Spells: 1 memorised, 9 levels left

rFire  . . .     SeeInvis +       - Unarmed
rCold  + . .     Gourm    .     c - +0 plate armour
rNeg   + + +     Faith    .     (no shield)
rPois  ∞         Spirit   +     (no helmet)
rElec  .         Dismiss  .     u - +1 cloak
rCorr  .         Reflect  .     (no gloves)
SustAt .         Harm     .     w - +0 pair of boots
MR     .....     Clarity  +     k - amulet of guardian spirit
Stlth  ..........               (no ring)
                                (no ring)

@: rotting, slowed, very slow, not resistant to hostile enchantments, extremely
unstealthy
A: rotting body, claws 1, carnivore 3, cold resistance 1, negative energy
resistance 3, slow regeneration 1, torment resistance, unbreathing
a: Curse Item, Scrying, Renounce Religion


You were on level 1 of the Lair of Beasts.
You worshipped Ashenzari.
Ashenzari was greatly pleased with you.
You were not hungry.

You visited 2 branches of the dungeon, and saw 11 of its levels.

You collected 616 gold pieces.

Inventory:

Armour
 c - a +0 plate armour (worn)
 u - a +1 cloak (worn)
 w - a +0 pair of boots (worn)
Jewellery
 k - an amulet of guardian spirit (around neck)
Wands
 a - a wand of lightning (5/15)
 j - a wand of digging (24/24)
 q - a wand of slowing (27/48)
Scrolls
 g - 4 scrolls of enchant armour
 h - 2 scrolls of identify
 n - 3 scrolls of blinking
 s - 7 scrolls of remove curse
 x - a scroll of magic mapping
 y - 2 scrolls of teleportation
 z - 3 scrolls of amnesia
Potions
 e - a potion of lignification
 i - a potion of invisibility
 l - a potion of resistance
 m - 2 potions of curing
 o - 2 potions of brilliance
 r - a potion of flight
 t - a potion of heal wounds
 v - a potion of magic {unknown}
 B - 3 potions of cure mutation {unknown}
Books
 A - a book of Beasts

   Spells                             Type                      Level
   a - Summon Butterflies             Summoning                    1
   b - Call Canine Familiar           Summoning                    3
   c - Summon Ice Beast               Ice/Summoning                4
   d - Summon Mana Viper              Hexes/Summoning              5
   e - Summon Hydra                   Summoning                    7
 C - a book of Necromancy

   Spells                             Type                      Level
   a - Pain                           Necromancy                   1
   b - Animate Skeleton               Necromancy                   1
   c - Vampiric Draining              Necromancy                   3
   d - Regeneration                   Charms/Necromancy            3
   e - Animate Dead                   Necromancy                   4
   f - Control Undead                 Necromancy                   4
 E - a book of Flames

   Spells                             Type                      Level
   a - Flame Tongue                   Conjuration/Fire             1
   b - Throw Flame                    Conjuration/Fire             2
   c - Conjure Flame                  Conjuration/Fire             3
   d - Inner Flame                    Hexes/Fire                   3
   e - Sticky Flame                   Conjuration/Fire             4
   f - Fireball                       Conjuration/Fire             5
 F - a book of Minor Magic

   Spells                             Type                      Level
   a - Magic Dart                     Conjuration                  1
   b - Blink                          Translocation                2
   c - Call Imp                       Summoning                    2
   d - Repel Missiles                 Charms/Air                   2
   e - Slow                           Hexes                        2
   f - Conjure Flame                  Conjuration/Fire             3
   g - Mephitic Cloud                 Conjuration/Poison/Air       3
 G - a book of Spatial Translocations

   Spells                             Type                      Level
   a - Apportation                    Translocation                1
   b - Blink                          Translocation                2
   c - Shroud of Golubria             Charms/Translocation         2
   d - Portal Projectile              Translocation                3
   e - Teleport Other                 Translocation                3
   f - Passage of Golubria            Translocation                4
Comestibles
 b - 6 meat rations
 d - 3 chunks of flesh
 f - a slice of pizza
 p - 7 beef jerkies


   Skills:
 - Level 10.1 Fighting
 + Level 6.1 Dodging
 - Level 2.1 Stealth
 + Level 14.5 Unarmed Combat


You had 9 spell levels left.
You knew the following spells:

 Your Spells              Type           Power        Failure   Level  Hunger
a - Animate Skeleton      Necr           N/A          100%        1    ##.....


Dungeon Overview and Level Annotations

Branches:
Dungeon (10/15)            Temple (0/1) D:6            Lair (1/8) D:9
    Orc: D:9-12

Altars:
Ashenzari
Cheibriados
Elyvilon
Fedhas
Kikubaaqudgha
Makhleb
Trog
Zin
The Shining One

Shops:
D:5 (   D:9 (

Annotations:
Lair:1 exclusion: ice statue


Innate Abilities, Weirdness & Mutations

Your body is rotting away.
You thrive on raw meat.
You are immune to poison.
You have sharp fingernails.
You are carnivorous and can eat meat at any time.
Your flesh is cold resistant.
You are immune to negative energy.
You regenerate slowly when monsters are visible.
You are immune to unholy pain and torment.
You can survive without breathing.


Message History

The freezing wraith hits you but does no damage.
You claw the freezing wraith!
The freezing wraith is almost destroyed.
The freezing wraith hits you!
* * * LOW HITPOINT WARNING * * *
The freezing wraith freezes you! You resist.
* * * LOW HITPOINT WARNING * * *
The freezing wraith hits you but does no damage.
The freezing wraith hits you.
* * * LOW HITPOINT WARNING * * *
The freezing wraith freezes you! You resist.
* * * LOW HITPOINT WARNING * * *
The freezing wraith hits you!
* * * LOW HITPOINT WARNING * * *
You scratch the freezing wraith.
The freezing wraith is almost destroyed.
The freezing wraith hits you.
* * * LOW HITPOINT WARNING * * *
The freezing wraith freezes you! You resist.
You die...

,,, * , # ** .# { , ..
###### * ,* *
*#.,####.##.### *
***#..#.........########
** *#.W@...............#
* *#.#P...#####.##.##...
,,,......### #.######.#
##### **##.#### #.# #.#
#.#.## ## #.# #.# .....#
#.# ##.# ####.## ..#
#..# ###.#.###### #.#*
##.# ...###....P# ##..
#.#


You could see a freezing wraith.

Vanquished Creatures
  A spiny frog (Lair:1)
  A polar bear (Lair:1)
  2 two-headed ogres
  A blink frog (Lair:1)
  10 yaks
  A hippogriff (Lair:1)
  A hungry ghost (D:10)
  3 water moccasins (Lair:1)
  9 ice beasts
  3 sky beasts
  A black bear (D:8)
  4 orc warriors
  5 ogres
  2 crocodiles (Lair:1)
  2 big kobolds
  8 giant frogs
  A gnoll sergeant (D:7)
  A water moccasin zombie (D:9)
  4 scorpions
  5 killer bees (D:9)
  4 wights (D:8)
  3 crimson imps
  2 giant frog zombies
  A gnoll shaman (D:9)
  5 orc priests
  3 hounds (D:9)
  4 jellies
  14 orc wizards
  An iguana (D:5)
  7 worker ants
  2 hound skeletons (D:4)
  2 howler monkey zombies
  3 worker ant zombies
  8 gnolls
  12 adders
  3 shadow imps
  A white imp (Lair:1)
  4 oozes
  An adder skeleton (D:9)
  4 worms
  4 giant geckos
  40 orcs
  4 giant cockroaches
  12 goblins
  6 hobgoblins
  9 jackals
  4 quokkas
  A ball python (D:2)
  9 bats
  2 giant gecko skeletons
  4 giant newts
  9 kobolds
  A quokka zombie (D:8)
  16 rats
  2 fungi (D:9)
  A plant (D:9)
273 creatures vanquished.

Vanquished Creatures (others)
  4 fungi
  3 plants
7 creatures vanquished.

Grand Total: 280 creatures vanquished

Notes
Turn   | Place    | Note
--------------------------------------------------------------
     0 | D:1      | GordonOverkill the Ghoul Monk began the quest for the Orb.
     0 | D:1      | Reached XP level 1. HP: 19/19 MP: 0/0
   193 | D:1      | Reached XP level 2. HP: 25/25 MP: 1/1
   700 | D:1      | Reached XP level 3. HP: 33/33 MP: 2/2
   846 | D:2      | Reached skill level 5 in Unarmed Combat
   967 | D:2      | Found a snail-covered altar of Cheibriados.
  1237 | D:2      | Reached XP level 4. HP: 39/40 MP: 3/3
  1238 | D:2      | Found a blossoming altar of Fedhas.
  1546 | D:2      | Reached skill level 6 in Unarmed Combat
  1652 | D:3      | Reached XP level 5. HP: 39/46 MP: 4/4
  1954 | D:3      | Found a shattered altar of Ashenzari.
  1963 | D:3      | Became a worshipper of Ashenzari the Shackled
  1963 | D:3      | Reached * piety under Ashenzari
  1963 | D:3      | Reached ** piety under Ashenzari
  1984 | D:3      | Reached skill level 7 in Unarmed Combat
  2413 | D:4      | Noticed an ogre
  2414 | D:4      | Noticed an ogre
  2414 | D:4      | Noticed an ogre
  2463 | D:4      | Reached XP level 6. HP: 38/52 MP: 5/5
  2520 | D:4      | Reached skill level 8 in Unarmed Combat
  2560 | D:4      | Reached XP level 7. HP: 23/59 MP: 6/6
  2600 | D:4      | Reached skill level 9 in Unarmed Combat
  3188 | D:4      | Reached skill level 10 in Unarmed Combat
  3359 | D:5      | Entered Level 5 of the Dungeon
  3420 | D:5      | Reached XP level 8. HP: 62/66 MP: 7/7
  3520 | D:5      | Found Ynielui's Weapon Shop.
  4028 | D:5      | Reached skill level 5 in Fighting
  4541 | D:6      | Reached skill level 11 in Unarmed Combat
  4828 | D:6      | Found a staircase to the Ecumenical Temple.
  5376 | D:7      | Reached XP level 9. HP: 76/76 MP: 8/8
  5628 | D:7      | Reached *** piety under Ashenzari
  5628 | D:7      | Found an ancient bone altar of Kikubaaqudgha.
  5628 | D:7      | Found a glowing silver altar of Zin.
  6159 | D:8      | Reached skill level 12 in Unarmed Combat
  6167 | D:8      | Found a burning altar of Makhleb.
  6187 | D:8      | Found a glowing golden altar of the Shining One.
  6191 | D:8      | Found a bloodstained altar of Trog.
  6412 | D:8      | Found a white marble altar of Elyvilon.
  7215 | D:9      | Found Ymohat's Weapon Shop.
  7475 | D:9      | Reached XP level 10. HP: 85/90 MP: 9/9
  7539 | D:9      | Found a staircase to the Lair.
  7584 | D:9      | Reached skill level 13 in Unarmed Combat
  7734 | D:9      | Reached skill level 10 in Fighting
  8818 | D:9      | Learned a level 1 spell: Animate Skeleton
  9222 | D:10     | Entered Level 10 of the Dungeon
  9373 | D:10     | Noticed a hill giant
  9700 | Lair:1   | Entered Level 1 of the Lair of Beasts
  9888 | D:9      | Reached skill level 14 in Unarmed Combat
 10075 | Lair:1   | Reached skill level 5 in Dodging
 10113 | Lair:1   | Reached XP level 11. HP: 91/98 MP: 10/10
 10343 | Lair:1   | Reached **** piety under Ashenzari
 10855 | Lair:1   | HP: 3/99 [freezing wraith (9)]
 10856 | Lair:1   | Mangled by a freezing wraith

Skill      XL: |  1  2  3  4  5  6  7  8  9 10 11 |
---------------+----------------------------------+-----
Fighting       | 4 6 9 10 | 10.1
Unarmed Combat | 5 6 7 8 10 11 12 14 | 14.5
Dodging        | 5 6 |  6.1
Stealth        | |  2.1

Action                   |  1- 3 |  4- 6 |  7- 9 | 10-12 || total
-------------------------+-------+-------+-------+-------++-------
Melee: Unarmed           |   109 |   185 |   439 |   371 ||  1104
       Punch             |     2 |       |    11 |    11 ||    24
  Use: Scroll            |       |       |    18 |     3 ||    21
 Stab: Sleeping          |     1 |       |       |       ||     1
  Eat: Chunk             |    18 |    10 |    48 |    37 ||   113
Armor: Robe              |     6 |       |       |       ||     6
       Chain mail        |    41 |   112 |   103 |       ||   256
       Plate armour      |       |       |   115 |   182 ||   297
Dodge: Dodged            |    31 |    50 |    76 |    83 ||   240
